 Dungeon Crawl Stone Soup version 0.19-a0-1834-g6b7851e (webtiles) character file.

83 KarmaPolice the Ducker (level 4, -2/35 HPs)
             Began as a Vampire Gladiator on Oct 8, 2016.
             Slain by an iguana (7 damage)
             ... on level 3 of the Dungeon.
             The game lasted 00:04:15 (2536 turns).

KarmaPolice the Ducker (Vampire Gladiator)          Turns: 2536, Time: 00:04:16

Health: -2/35      AC:  4    Str: 14    XL:     4   Next: 22%
Magic:  4/4        EV: 14    Int: 10    God:
Gold:   109        SH:  0    Dex: 15    Spells: 0 memorised, 3 levels left

rFire  . . .     SeeInvis +     i - +2 dagger (elec)
rCold  + . .     Gourm    .     b - +0 leather armour
rNeg   + + .     Faith    .     (no shield)
rPois  +         Spirit   .     c - +0 helmet
rElec  .         Dismiss  .     (no cloak)
rCorr  .         Reflect  .     (no gloves)
MR     .....     Harm     .     (no boots)
Stlth  ++........               (no amulet)
                                (no ring)
                                (no ring)

@: regenerating slowly
A: fangs 3, see invisible, unbreathing
a: Bat Form


You were on level 3 of the Dungeon.
You were very thirsty.

You visited 1 branch of the dungeon, and saw 3 of its levels.

You collected 109 gold pieces.

Inventory:

Hand Weapons
 a - a +0 long sword
 i - a +2 dagger of electrocution (weapon)
Missiles
 d - 3 throwing nets (quivered)
Armour
 b - a +0 leather armour (worn)
 c - a +0 helmet (worn)
Jewellery
 l - an uncursed ring of protection from magic {unknown}
Scrolls
 f - 2 scrolls of identify {unknown}
 k - a scroll of amnesia {unknown}
 m - a scroll of magic mapping {unknown}
Potions
 e - 5 potions of blood
 g - 2 potions of berserk rage {unknown}
 h - 3 potions of curing {unknown}
 j - a potion of brilliance {unknown}
 n - a potion of beneficial mutation {unknown}
 o - a potion of heal wounds {unknown}
 p - a potion of cancellation {unknown}


   Skills:
 + Level 3.1 Fighting
 + Level 3.6 Long Blades
 - Level 1.5 Throwing
 + Level 4.0 Dodging


You had 3 spell levels left.
You didn't know any spells.

Dungeon Overview and Level Annotations

Branches:
Dungeon (3/15)

Altars:
Okawaru


Innate Abilities, Weirdness & Mutations

You heal slowly.
You have razor-sharp teeth.
You have supernaturally acute eyesight. (SInv)
You can survive without breathing.


Message History

The goblin misses you.
The iguana bites you but does no damage.
You hit the iguana but do no damage.
The iguana is heavily wounded.
The goblin hits you but does no damage. The iguana completely misses you.
You hit the iguana but do no damage.
The iguana is heavily wounded.
The goblin barely misses you.
You closely miss the iguana.
The iguana is heavily wounded.
The iguana bites you!
* * * LOW HITPOINT WARNING * * *
The goblin misses you.
Unknown command.
You closely miss the iguana. You bite the iguana.
You draw the iguana's blood!
You feel better.
You are feeling very thirsty.
The iguana is heavily wounded.
The iguana bites you!
You die...

#...............# #....
..........#
###....###........
#................#
#..[......##.....#
#.........##.....#
#.........##...g.#
#........######l####...
#..............@.......
#.......##...........#.
#####............#.###
#............#....
##..........#.#.....
...........##....#....
..............).......
.....................
.......##.#..........


You could see an iguana and a goblin.

Vanquished Creatures
  3 adders (D:2)
  2 worms (D:2)
  A leopard gecko (D:2)
  6 giant cockroaches
  10 goblins
  7 hobgoblins
  3 jackals (D:1)
  3 kobolds (D:2)
  A quokka (D:2)
  5 bats
  2 rats (D:1)
43 creatures vanquished.

Notes
Turn   | Place    | Note
-------+----------+-------------------------------------------
     0 | D:1      | KarmaPolice the Vampire Gladiator began the quest for the Orb.
     0 | D:1      | Reached XP level 1. HP: 16/16 MP: 1/1
   165 | D:1      | Reached XP level 2. HP: 15/22 MP: 2/2
  1033 | D:2      | Reached XP level 3. HP: 24/28 MP: 3/3
  1037 | D:2      | Found a faded altar of an unknown god.
  1637 | D:2      | Reached XP level 4. HP: 24/35 MP: 4/4
  1638 | D:2      | Reached skill level 4 in Dodging
  1839 | D:2      | Found an iron altar of Okawaru.
  2536 | D:3      | Slain by an iguana

Vault maps used:
D:1:      kilobyte_arrival_exit_the_forest, minmay_misc_feat_iff
D:2:      ecumenical_altar_1, kennysheep_okawaru_gauntlet
D:3:      lemuel_round_altar

Skill      XL: |  1  2  3  4 |
---------------+-------------+-----
Fighting       | 2 3 |  3.1
Dodging        | 4 |  4.0
Long Blades    | |  3.6
Throwing       | |  1.5

Action                   |  1- 3 |  4- 6 || total
-------------------------+-------+-------++-------
Melee: Long sword        |    44 |       ||    44
       Bite              |     8 |     4 ||    12
       Dagger            |    39 |    26 ||    65
       Unarmed           |       |     8 ||     8
 Abil: End Transformatio |       |     2 ||     2
       Bat Form          |       |     2 ||     2
  Use: Potion            |       |     1 ||     1
 Stab: Sleeping          |     3 |       ||     3
Armor: Leather armour    |    24 |     3 ||    27
Dodge: Dodged            |    46 |    28 ||    74
       Rpst.: Long sword |    12 |       ||    12
